 Dungeon Crawl Stone Soup version 0.29.1-1-gd02db69 (webtiles) character file.

Game seed: 4873417136120024029

562 Timinator the Insei (level 6, 0/50 HPs)
             Began as a Demigod Transmuter on Dec 19, 2022.
             Slain by an ogre
             ... wielding a +0 giant club
              (19 damage)
             ... on level 4 of the Dungeon.
             The game lasted 00:13:52 (3620 turns).

Timinator the Insei (Demigod Transmuter)            Turns: 3620, Time: 00:13:52

Health: 0/50       AC:  5    Str: 15    XL:     6   Next: 83%
Magic:  20/22      EV: 12    Int: 15    God:
Gold:   161        SH:  0    Dex: 18    Spells: 8/11 levels left

rFire   . . .      SeeInvis .     - Unarmed
rCold   . . .      Faith    .   (no shield)
rNeg    . . .      Spirit   .   k - +0 ring mail
rPois   .          Reflect  .   (helmet currently unavailable)
rElec   .          Harm     .   (no cloak)
rCorr   .          Rampage  .   (no gloves)
Will    .....                   (boots currently unavailable)
Stlth   +.........              t - amulet of the acrobat
HPRegen 0.16/turn               x - ring of magical power
MPRegen 0.18/turn               (no ring)

@: appendages, very slightly contaminated
A: horns 2, talons 2, high MP 1, forlorn, divine attributes
a: End Transformation


You were on level 4 of the Dungeon.
You had temporarily grown beastly horns and talons.
You visited 1 branch of the dungeon, and saw 4 of its levels.

You collected 161 gold pieces.

Inventory:

Hand Weapons
 r - the +6 dagger of Taink {vorpal, rCorr MP+9 Dex-3}
   (You found it on level 2 of the Dungeon)

   It inflicts extra damage upon your enemies.
   Dex:       It affects your dexterity (-3).
   MP:        It affects your magic capacity (+9).
   rCorr:     It protects you from acid and corrosion.
Missiles
 a - 5 javelins (quivered)
Armour
 h - a +0 leather armour
 k - a +0 ring mail (worn)
Jewellery
 t - an amulet of the acrobat (around neck)
 x - a ring of magical power (left hand)
Wands
 o - a wand of charming (10)
 y - a wand of flame (19)
Scrolls
 e - 4 scrolls of teleportation
 l - a scroll of enchant weapon {unknown}
 m - a scroll of fog
 p - a scroll of magic mapping {unknown}
 s - a scroll of silence {unknown}
 u - a scroll of fear {unknown}
 v - a scroll of immolation {unknown}
 w - a scroll of vulnerability
 z - a scroll of identify
 A - a scroll of amnesia {unknown}
Potions
 b - 4 potions of lignification
 c - a potion of haste {unknown}
 d - a potion of berserk rage
 f - a potion of heal wounds {unknown}
 g - 5 potions of curing {unknown}
 i - a potion of might
 j - 3 potions of brilliance
 n - a potion of degeneration {unknown}
 q - 2 potions of flight {unknown}


   Skills:
 + Level 2.4 Fighting
 + Level 2.2 Armour
 * Level 3.1 Dodging
 * Level 4.1 Unarmed Combat
 + Level 3.0 Spellcasting
 * Level 3.7 Transmutations


You had 8 spell levels left.
You knew the following spells:

 Your Spells              Type           Power      Damage    Failure   Level
a - Beastly Appendage     Tmut           26%        N/A       9%          1
b - Wereblood             Tmut           13%        N/A       13%         2

Your spell library contained the following spells:

 Spells                   Type           Power      Damage    Failure   Level
 Magic Dart               Conj           8%         1d3       36%         1
 Spider Form              Tmut/Pois      7%         N/A       47%         3
 Call Imp                 Summ           2%         N/A       50%         2
 Call Canine Familiar     Summ           2%         N/A       75%         3
 Mephitic Cloud           Conj/Pois/Air  2%         N/A       75%         3
 Portal Projectile        Hex/Tloc       4%         N/A       75%         3
 Tukima's Dance           Hex            2%         N/A       75%         3
 Ice Form                 Ice/Tmut       7%         N/A       87%         4
 Blade Hands              Tmut           6%         N/A       93%         5
 Leda's Liquefaction      Hex/Erth       1%         N/A       98%         4


Dungeon Overview and Level Annotations

Branches:
Dungeon (4/15)
 Temple: D:4-7


Innate Abilities, Weirdness & Mutations

You have temporarily grown beastly horns and talons.
You have an increased reservoir of magic. (+10% MP)
You shall have no god before yourself.
Your divine heritage dramatically boosts your attributes as you level up.


Message History

You hit the phantom. Your kick misses the phantom.
You headbutt the phantom, but do no damage.
The phantom is severely damaged.
The phantom hits you but does no damage.
You hit the phantom.
The phantom is almost destroyed.
The phantom hits you.
You barely miss the phantom.
You headbutt the phantom, but do no damage.
The phantom is almost destroyed.
You hit the phantom.
You destroy the phantom!
Your transformation is almost over.
Your Unarmed Combat skill increases to level 4!
You start resting.
Your horns disappear.
Your talons disappear.
You hear the slow rusting of a very distant drain.
You start resting.
You hear the slow rusting of a very distant drain.
A - a scroll labelled XYRAUL YBBIDD You see here 6 poisoned darts.
An endoplasm and an ogre come into view.
The ogre shouts!
Found a glowing trident.
Casting: Beastly Appendage (safe; 9% risk of failure)
Confirm with . or Enter, or press ? or * to list all spells.
You miscast Beastly Appendage.
You are very lightly contaminated with residual magic.
Nothing appears to happen.
Casting: Beastly Appendage (safe; 9% risk of failure)
Confirm with . or Enter, or press ? or * to list all spells.
You grow a pair of large bovine horns.
Your feet morph into talons.
You hit the ogre. You claw the ogre.
The ogre is lightly wounded.
The ogre hits you with a +0 giant club!!
You hit the ogre. You claw the ogre, but do no damage.
You punch the ogre, but do no damage.
The ogre is moderately wounded.
The ogre hits you with a +0 giant club!!
You die...

#.#########.......#.#
#......<............#
######.####.......###
..# #..#....# #.#
#..#.##.# #.#
#.......# ##
##.#.##(# #.#.##.#
#####.O@...#
#......J####
#....#..# ........#
..).....# .......##
#...... #......
####.#.


You could see an ogre and an endoplasm.

Vanquished Creatures
  Sigmund (D:2)
  The ghost of BleedingAnus the Chopper, an amateur HOMo (D:3)
  A phantom (D:4)
  Terence (D:2)
  Natasha (thrice) (D:3)
  Robin (D:2)
  3 gnolls (D:2)
  2 adders (D:2)
  A dart slug (D:2)
  A worm (D:2)
  6 ball pythons
  6 bats
  2 endoplasms
  A giant cockroach (D:3)
  20 goblins
  5 hobgoblins
  5 jackals (D:2)
  2 quokkas
  2 frilled lizards (D:2)
  7 kobolds
  6 rats
77 creatures vanquished.

Vanquished Creatures (others)
  3 fungi (D:2)
  4 plants
7 creatures vanquished.

Grand Total: 84 creatures vanquished

Notes
Turn   | Place    | Note
-------+----------+-------------------------------------------
     0 | D:1      | Timinator the Demigod Transmuter began the quest for the
                  | Orb.
     0 | D:1      | Reached XP level 1. HP: 15/15 MP: 5/5
    77 | D:1      | Reached skill level 1 in Fighting
   361 | D:1      | Reached XP level 2. HP: 21/23 MP: 4/7
  1092 | D:2      | Reached skill level 3 in Unarmed Combat
  1110 | D:2      | Noticed Sigmund
  1134 | D:2      | Killed Sigmund
  1135 | D:2      | Reached skill level 1 in Armour
  1135 | D:2      | Reached XP level 3. HP: 29/29 MP: 9/9
  1135 | D:2      | Reached XP level 4. HP: 36/36 MP: 10/10
  1135 | D:2      | Reached XP level 5. HP: 41/41 MP: 11/11
  1588 | D:2      | Identified the +6 dagger of Taink {vorpal, rCorr MP+9
                  | Dex-3}
  1689 | D:2      | Noticed Robin
  1715 | D:2      | Killed Robin
  1856 | D:2      | Noticed Terence
  1869 | D:2      | Killed Terence
  1898 | D:2      | Learned a level 2 spell: Wereblood
  2159 | D:3      | Found a runed translucent gate.
  2160 | D:3      | Found a runed translucent gate.
  2160 | D:3      | Found a runed translucent gate.
  2167 | D:3      | Noticed BleedingAnus's ghost (amateur HOMo)
  2453 | D:3      | Reached XP level 6. HP: 48/48 MP: 10/12
  2474 | D:3      | Noticed Natasha
  2480 | D:3      | Killed Natasha
  2769 | D:3      | Noticed Natasha
  2783 | D:3      | Killed Natasha
  2792 | D:3      | Noticed Natasha
  2808 | D:3      | Killed Natasha
  3224 | D:3      | Killed BleedingAnus's ghost
  3503 | D:4      | Reached skill level 4 in Unarmed Combat
  3620 | D:4      | Slain by an ogre

Illustrated notes

Levels and vault maps discovered:
D:1:      lightli_arrival_boilingwater, layout_rooms, chequers_big_river
D:2:      layout_basic, shapermc_ecumenical_altar_ellora, basic_altar,
          uniq_sigmund, uniq_robin, uniq_terence
D:3:      layout_basic, gammafunk_ghost_split, uniq_natasha
D:4:      layout_loops_cross, mainiacjoe_overflow_brackets,
          cheibrodos_sewer_entry_drain, minivault_14,
          chequers_serial_rivers_marsh

Skill      XL: |  1  2  3  4  5  6 |
---------------+-------------------+-----
Fighting       | 1 2 |  2.4
Transmutations | 3 |  3.7
Dodging        | 2 3 |  3.1
Spellcasting   | 2 3 |  3.0
Unarmed Combat | 3 4 |  4.1
Armour         | 1 2 |  2.2

Action                   |  1- 3 |  4- 6 || total
-------------------------+-------+-------++-------
Melee: Unarmed           |    66 |   154 ||   220
       Kick              |    17 |    29 ||    46
       Headbutt          |     5 |    24 ||    29
       Punch             |     1 |     2 ||     3
 Cast: Beastly Appendage |    18 |    33 ||    51
       Wereblood         |       |     1 ||     1
  Use: Potion            |     1 |     2 ||     3
       Scroll            |       |     5 ||     5
 Stab: Sleeping          |       |     1 ||     1
Armor: Robe              |     4 |       ||     4
       Leather armour    |     7 |    17 ||    24
       Skin              |     6 |     2 ||     8
       Ring mail         |       |     9 ||     9
Dodge: Dodged            |    34 |    69 ||   103
